Map: Romanticide LE

Players

MaSa

  • Race: Terran Terran
  • League: Master
  • Spawn Location: 5:00

Astrea - Winner!

  • Race: Protoss Protoss
  • League: Master
  • Spawn Location: 11:00

Event: DreamHack SC2 Masters 2020 Winter

VOD

Have the link to the VOD?

Description

Time

  • Played on: Oct. 27, 2020, 6:28 p.m.
  • Length: 10:48

All games in this series

Show
View Real Time Build Order
Export as new Build Order

MaSa Terran 

Build Orders:  

Get SALT Encoding   

  12  0:00  SCV  
  13  0:12  SCV  
  14  0:16  Supply Depot  
  14  0:24  SCV  
  15  0:38  SCV  
  15  0:39  Barracks  
  16  0:44  Refinery  
  16  0:50  SCV  
  17  1:02  SCV  
  18  1:07  Engineering Bay  
  18  1:14  SCV  
  19  1:25  Marine  
  19  1:27  Orbital Command  
  20  1:39  Supply Depot  
  20  1:54  SCV  
  20  1:56  Factory  
  21  2:02  Barracks Reactor  
  21  2:07  SCV  
  22  2:19  SCV  
  23  2:24  Command Center  
  23  2:31  Refinery  
  23  2:32  SCV  
  24  2:42  Starport  
  24  2:46  Hellion  
  24  2:50  Hellion  
  28  2:56  Supply Depot  
  28  2:58  SCV  
  29  3:00  Barracks Tech Lab  
  29  3:11  SCV  
  30  3:17  Hellion x2  
  30  3:19  Medivac  
  36  3:23  SCV  
  36  3:32  Marine  
  37  3:35  SCV  
  37  3:37  Armory  
  40  3:41  Widow Mine  
  40  3:46  Widow Mine  
  42  3:49  SCV  
  43  3:58  Orbital Command  
  43  4:03  SCV  
  43  4:04  Widow Mine  
  43  4:07  Widow Mine  
  48  4:16  SCV  
  43  4:22  Marine  
  43  4:23  Stimpack  
  42  4:24  Bunker  
  42  4:28  SCV  
  42  4:30  SCV  
  44  4:32  Widow Mine x2  
  48  4:40  SCV  
  48  4:41  Barracks  
  48  4:44  Marine  
  50  4:46  SCV  
  51  4:53  Widow Mine  
  51  4:54  SCV  
  54  5:04  Engineering Bay  
  54  5:07  Supply Depot  
  54  5:14  Widow Mine  
  54  5:17  Widow Mine  
  54  5:21  Supply Depot  
  54  5:25  Starport Reactor  
  54  5:28  Marine, SCV x2  
  54  5:33  Barracks Tech Lab, Barracks  
  54  5:35  Widow Mine  
  57  5:38  Supply Depot, Terran Infantry Weapons Level 1  
  57  5:40  SCV  
  58  5:44  SCV  
  57  5:50  Marine  
  57  5:51  Marine  
  57  5:56  Barracks  
  59  5:57  Barracks  
  59  6:00  Command Center  
  59  6:01  SCV  
  60  6:05  Medivac  
  60  6:06  SCV  
  60  6:08  Widow Mine, Marine  
  66  6:12  Widow Mine  
  66  6:13  SCV  
  69  6:18  SCV  
  69  6:24  Marauder  
  69  6:25  SCV  
  73  6:29  Combat Shield  
  73  6:30  Marauder, Barracks Reactor  
  73  6:32  SCV  
  76  6:37  SCV  
  76  6:39  Widow Mine  
  77  6:41  Widow Mine  
  77  6:45  Refinery  
  77  6:46  Refinery  
  78  6:54  Supply Depot  
  78  6:55  Concussive Shells, Supply Depot  
  78  6:56  Barracks Reactor  
  78  6:57  Barracks Tech Lab, SCV  
  78  7:00  SCV  
  77  7:04  Supply Depot  
  77  7:07  Missile Turret  
  77  7:08  Marauder  
  77  7:10  SCV  
  77  7:12  Widow Mine, Marauder, Orbital Command  
  77  7:14  Marine x2  
  84  7:18  Medivac  
  86  7:27  Marauder  
  84  7:30  Marauder, SCV, Supply Depot  
  84  7:31  Marine x2  
  84  7:33  Marine x2  
  84  7:34  Orbital Command  
  84  7:35  Widow Mine  
  91  7:38  Medivac  
  93  7:47  Terran Infantry Armor Level 1  
  93  7:48  Marine  
  93  7:49  Marauder  
  98  7:51  Marauder  
  98  7:55  Marine  
  98  7:57  Marine  
  100  8:02  Medivac  
  100  8:03  Marine x2  
  104  8:06  Marauder  
  104  8:10  Marauder  
  110  8:12  Marauder  
  110  8:13  Marine  
  110  8:15  Marine  
  110  8:18  SCV  
  110  8:19  SCV  
  114  8:21  Widow Mine  
  114  8:26  Widow Mine  
  118  8:27  SCV  
  118  8:28  Marauder  
  118  8:31  Marauder  
  118  8:34  Marauder  
  123  8:42  Widow Mine  
  123  8:47  Starport, Supply Depot, Marine x2, Terran Ship Weapons Level 1  
  123  8:48  Supply Depot, SCV  
  128  8:49  Marauder  
  126  8:56  Viking x2  
  126  9:00  Marine, Marauder x2  
  133  9:08  Marine, SCV  
  133  9:09  Supply Depot x2  
  135  9:13  Marauder  
  135  9:17  Widow Mine x2  
  135  9:21  Marauder  
  141  9:25  Viking, Engineering Bay  
  141  9:31  Medivac  
  141  9:32  Medivac  
  141  9:37  Marine  
  146  9:50  Marine x2  
  146  9:51  Marauder  
  150  9:55  Viking  
  151  10:01  Viking  
  151  10:02  Viking  
  151  10:05  Marine, Marauder x2  
  160  10:12  Marauder  
  162  10:16  Marine  
  155  10:26  Marine  
  155  10:27  Marauder x2  
Show
View Real Time Build Order
Export as new Build Order

Astrea Protoss - Winner!

Build Orders:  

Get SALT Encoding   

  12  0:00  Probe  
  13  0:12  Probe  
  14  0:16  Pylon  
  14  0:24  Probe (Chrono Boost)  
  16  0:36  Gateway, Probe (Chrono Boost)  
  16  0:43  Probe (Chrono Boost)  
  16  0:45  Assimilator  
  17  0:51  Probe  
  18  1:03  Probe  
  19  1:15  Probe  
  20  1:25  Cybernetics Core  
  20  1:27  Probe  
  21  1:35  Pylon  
  21  1:39  Probe  
  21  1:55  Probe  
  21  1:59  Nexus, Adept (Chrono Boost)  
  22  2:07  Probe  
  22  2:08  Warp Gate  
  25  2:12  Assimilator  
  25  2:19  Probe  
  25  2:20  Stalker (Chrono Boost)  
  28  2:31  Probe  
  28  2:34  Pylon  
  29  2:43  Probe  
  30  2:46  Twilight Council  
  30  2:55  Probe  
  31  3:03  Stalker  
  33  3:08  Probe  
  33  3:11  Probe  
  35  3:19  Robotics Facility  
  35  3:20  Probe  
  37  3:31  Gateway, Probe  
  37  3:32  Stalker (Chrono Boost)  
  39  3:41  Pylon  
  39  3:43  Probe  
  39  3:47  Probe  
  41  3:52  Pylon  
  41  3:58  Probe  
  41  4:00  Probe  
  41  4:02  Blink (Chrono Boost)  
  43  4:06  Stalker  
  45  4:12  Probe (Chrono Boost)  
  39  4:17  Probe (Chrono Boost)  
  40  4:24  Probe (Chrono Boost)  
  40  4:27  Observer (Chrono Boost)  
  40  4:28  Probe (Chrono Boost)  
  43  4:33  Probe (Chrono Boost)  
  43  4:35  Probe (Chrono Boost)  
  44  4:39  Probe (Chrono Boost)  
  44  4:41  Observer (Chrono Boost), Probe  
  47  4:50  Probe  
  48  4:53  Nexus, Probe  
  49  5:03  Probe  
  49  5:05  Probe  
  49  5:07  Stalker  
  49  5:15  Probe  
  49  5:17  Probe  
  51  5:27  Probe (Chrono Boost)  
  52  5:31  Probe (Chrono Boost)  
  52  5:34  Assimilator  
  53  5:35  Observer  
  53  5:38  Assimilator  
  53  5:39  Pylon, Probe (Chrono Boost)  
  55  5:47  Probe x2 (Chrono Boost)  
  56  5:53  Stalker x2, Probe  
  56  5:54  Probe  
  62  5:57  Pylon  
  63  6:04  Observer  
  63  6:05  Probe x2  
  63  6:06  Probe  
  63  6:07  Pylon  
  66  6:17  Probe x2  
  66  6:18  Robotics Bay, Probe  
  67  6:29  Observer, Probe x2  
  67  6:30  Probe  
  69  6:33  Stalker x2, Observer  
  73  6:41  Probe x2  
  73  6:42  Probe  
  74  6:47  Observer  
  74  6:53  Probe (Chrono Boost)  
  74  6:54  Probe x2 (Chrono Boost)  
  74  6:59  Forge x2  
  75  7:05  Colossus (Chrono Boost), Pylon, Probe x3 (Chrono Boost), Sentry x2  
  88  7:10  Probe x3 (Chrono Boost)  
  91  7:19  Pylon  
  91  7:20  Assimilator x2, Probe x3  
  94  7:22  Charge  
  94  7:27  Observer  
  93  7:32  Probe x2  
  93  7:33  Protoss Ground Weapons Level 1 (Chrono Boost), Probe  
  93  7:36  Gateway  
  96  7:38  Gateway  
  96  7:40  Gateway  
  96  7:43  Gateway, Protoss Ground Armor Level 1 (Chrono Boost)  
  96  7:44  Probe  
  97  7:56  Colossus (Chrono Boost)  
  97  7:57  Pylon  
  103  8:02  Gateway, Extended Thermal Lance  
  103  8:04  Gateway  
  102  8:13  Photon Cannon, Pylon  
  102  8:14  Stalker  
  102  8:15  Stalker  
  102  8:21  Dark Shrine  
  102  8:22  Pylon  
  102  8:23  Observer  
  102  8:25  Photon Cannon  
  102  8:31  Stalker  
  103  8:46  Zealot x5  
  103  8:47  Warp Prism  
  115  8:51  Pylon  
  115  8:52  Pylon  
  108  9:07  Photon Cannon  
  108  9:08  Zealot  
  110  9:10  Zealot x3  
  110  9:11  Zealot x2  
  120  9:20  Zealot x2  
  124  9:35  Pylon x2  
  124  9:37  Observer  
  124  9:39  Dark Templar x2  
  124  9:42  Gravitic Drive  
  128  9:49  Robotics Facility  
  128  9:56  Pylon, Disruptor  
  131  10:03  Stalker x5  
  141  10:08  Shield Battery  
  141  10:09  Shield Battery  
  141  10:12  Stalker x3  
  145  10:28  Sentry x5  
  131  10:45  Zealot  
  131  10:46  Zealot x2  
Tags
 
Add a new tag
Caveats
  • Supply blocks, unpowered buildings, or Contaminate may cause inaccurate times.
  • Supply counts are checked every 10 seconds.